AoeStats
← Onestepbeyond

Fortress

510364741Analyzed
1v1 RM · 24h ago on Sep 30, 2026· 22m 27s· 2 players
Game mode
Random Map
Map size
Small (3 player)
Population
200
Speed
Normal
Resources
Standard
Victory
Conquest
Starting age
Dark Age
Ending age
Imperial Age
RankedLock teamsTeams togetherTeam positionsShared explorationLock speedFull tech treeHidden civsTurbo modeCheats
Victory
Defeat
🇫🇷 Turks · France
856
+17
🇫🇷 Teutons · France
881
-17
Jourjaque
8:12 Feudal Age
8:57 Double-Bit Axe
8:55 Horse Collar
9:09 Gold Mining
13:37 Castle Age
18:59 Padded Archer Armor
19:07 Scale Barding Armor
21:42 Imperial Age
19:01 Loom
20:36 Leather Archer Armor
Onestepbeyond
1:52 Loom
8:38 Feudal Age
13:59 Castle Age
15:12 Town Watch
16:21 Forging
19:22 Double-Bit Axe
19:26 Horse Collar
22:23 Bow Saw
22:26 Heavy Plow
Connection lost

Rejoining the realm…

Still unreachable

The connection could not be restored.

Session expired

The server has moved on; the page needs a fresh start.